 Dungeon Crawl Stone Soup version 0.18-a0-1343-g48c8f86 (webtiles) character file.

29 M4edhros the Insei (level 3, 0/26 HPs)
             Began as an Octopode Monk on Feb 16, 2016.
             Was a Believer of Makhleb.
             Succumbed to an adder's poison
             ... on level 2 of the Dungeon.
             The game lasted 00:02:12 (544 turns).

M4edhros the Insei (Octopode Monk)                   Turns: 544, Time: 00:02:13

Health: 0/26       AC:  1    Str: 15    XL:     3   Next: 16%
Magic:  3/3        EV: 12    Int: 12    God:    Makhleb [**....]
Gold:   35         SH:  3    Dex: 15    Spells: 0 memorised, 2 levels left

rFire  + . .     SeeInvis +       - Unarmed
rCold  + . .     Gourm    .     f - +0 buckler
rNeg   . . .     Faith    .     (helmet restricted)
rPois  +         Spirit   .     (no amulet)
rElec  +         Dismiss  .     (no ring)
rCorr  +         Reflect  .     (no ring)
SustAt .         Harm     .     (no ring)
MR     .....                    (no ring)
Stlth  ++++......               (no ring)
                                (no ring)
                                (no ring)
                                (no ring)

@: mighty, lethally poisoned (0 -> -8), resistant, not resistant to hostile
enchantments, stealthy
A: almost no armour, amphibious, 8 rings, constrict 8, tentacle spike 1,
camouflage 1, see invisible, gelatinous body 1
a: Minor Destruction, Renounce Religion


You were on level 2 of the Dungeon.
You worshipped Makhleb.
Makhleb was pleased with you.
You were not hungry.

You visited 2 branches of the dungeon, and saw 5 of its levels.

You collected 35 gold pieces.

Inventory:

Armour
 f - a +0 buckler (worn)
Jewellery
 e - a +6 ring of evasion {unknown}
Scrolls
 c - a scroll of fog {unknown}
 d - a scroll of identify {unknown}
Comestibles
 a - 2 bread rations


   Skills:
 + Level 3.3 Fighting
 + Level 3.1 Dodging
 * Level 3.9 Stealth
 + Level 4.1 Unarmed Combat


You had 2 spell levels left.
You didn't know any spells.

Dungeon Overview and Level Annotations

Branches:
Dungeon (4/15)             Temple (1/1) D:4

Altars:
Ashenzari
Gozag
Kikubaaqudgha
Makhleb
Okawaru
Pakellas
Ru
Sif Muna
Trog
Vehumet
Xom
The Shining One


Innate Abilities, Weirdness & Mutations

You cannot wear most types of armour.
You are amphibious.
You can wear up to eight rings at the same time.
You can use your tentacles to constrict eight enemies at once.
Your skin changes colour to match your surroundings (Stealth).
Your rubbery body absorbs attacks (AC +1).
One of your tentacles bears a spike.
You have supernaturally acute eyesight.


Message History

It was a potion of resistance.
You feel protected.
Drink which item? (? for menu, Esc to quit)
It was a potion of mutation.
You feel extremely strange.
Your vision sharpens.
One of your lower tentacles grows a sharp spike.
* * * LOW HITPOINT WARNING * * *
You feel sick.
Drink which item? (? for menu, Esc to quit)
It was a potion of might.
You feel very mighty all of a sudden.
* * * LOW HITPOINT WARNING * * *
You feel sick.
* * * LOW HITPOINT WARNING * * *
You feel sick.
* * * LOW HITPOINT WARNING * * *
You feel sick.
Found a scroll labeled QIVOONG IWILO.
A rat comes into view.
You die...

#.......# #........
. #.......#
#........ #.......#
#........
#.......###.>......
###................
#................
#................
#................
###.....@........
#..............
............###.
................
.....#..........
....#...........
... .?.......... r.
............


You could see a rat (sleeping).

Vanquished Creatures
  An adder (D:2)
  A worm (D:2)
  A giant gecko (D:1)
  2 orcs
  A goblin (D:2)
  2 hobgoblins
  2 kobolds
  A quokka (D:4)
  A giant newt (D:1)
  A quokka skeleton (D:3)
  A rat (D:2)
14 creatures vanquished.

Notes
Turn   | Place    | Note
--------------------------------------------------------------
     0 | D:1      | M4edhros the Octopode Monk began the quest for the Orb.
     0 | D:1      | Reached XP level 1. HP: 16/16 MP: 1/1
   152 | D:3      | Noticed an ice beast
   171 | D:3      | Noticed an orc wizard
   176 | D:3      | Noticed an orc priest
   189 | D:2      | Reached XP level 2. HP: 11/21 MP: 2/2
   414 | D:4      | Found a staircase to the Ecumenical Temple.
   423 | Temple   | Entered the Ecumenical Temple
   462 | Temple   | Became a worshipper of Makhleb the Destroyer
   462 | Temple   | Reached * piety under Makhleb
   462 | Temple   | Reached ** piety under Makhleb
   535 | D:2      | Reached XP level 3. HP: 8/26 MP: 3/3
   539 | D:2      | Gained mutation: You have supernaturally acute eyesight. [potion of mutation]
   539 | D:2      | Gained mutation: One of your tentacles bears a spike. [potion of mutation]
   542 | D:2      | HP: 1/26 [poisoned by an adder]
   544 | D:2      | Succumbed to an adder's poison

Vault maps used:
D:1:      mrwooster_arrival_statue_2
D:2:      first_bread
D:4:      nicolae_overflow_hidden_temple, marbit_many_paths,
          minmay_temple_entry_large_hall
Temple:   circular_temple_12

Action                   || total
-------------------------++-------
Melee: Unarmed           ||    34
  Use: Potion            ||     3
 Stab: Sleeping          ||     5
